 Dungeon Crawl Stone Soup version 0.30-a0-824-g6c64550be9 (webtiles) character file.

Game seed: 15197757331161521947

453568 cforsyth the Imperceptible (level 25, -25/153 (155) HPs)
             Began as a Kobold Brigand on Feb 28, 2023.
             Was the Champion of Hepliaklqana.
             Annihilated by a spriggan defender
             ... wielding a +2 flail of protection
              (32 damage)
             ... on level 3 of the Depths.
             The game lasted 01:47:15 (60370 turns).

cforsyth the Imperceptible (Kobold Brigand)        Turns: 60370, Time: 01:47:16

HP:   -25/153 (155) AC: 15    Str: 10    XL:     25   Next: 55%
MP:   23/23         EV: 31    Int: 13    God:    Hepliaklqana [******]
Gold: 3619          SH: 18    Dex: 25    Spells: 24/24 levels left

rFire   + + +      SeeInvis .    b - +8 demon blade "Leech" {evervamp, Harm Drain rN+}
rCold   . . .      Faith    .    O - +2 kite shield {reflect}
rNeg    + . .      Spirit   .    F - +2 ring mail of the Bruised Visions {rF++ Dex+3 Slay+3}
rPois   +          Reflect  +    E - +2 hat
rElec   .          Harm     +    c - +0 cloak {Will+}
rCorr   .          Rampage  +    W - +1 pair of gloves
Will    +++..                    U - +2 pair of boots {rampage}
Stlth   ++++++++++               i - amulet of regeneration
HPRegen 1.25/turn                q - ring of Gilad {Wiz rPois rF++ Will+ Dex-4}
MPRegen 0.18/turn                L - +4 ring of slaying

@: lightly drained
A: reduced essence, small, no large weapons, nightstalker 3, mutation resistance
1
}: 2/15 runes: decaying, gossamer
a: Renounce Religion, Recall Ancestor, Ancestor Identity, Transference, Idealise


You were on level 3 of the Depths.
You worshipped Hepliaklqana.
Hepliaklqana was exalted by your worship.
You visited 9 branches of the dungeon, and saw 42 of its levels.
You also visited: Ossuary, Ice Cave and Desolation.

You collected 6779 gold pieces.
You spent 3160 gold pieces at shops.

Inventory:

Hand Weapons
 a - the +12 dagger of Regicide {freeze, rElec}
   (You found it in an ice cave)

   rElec:     It insulates you from electricity.
 b - the +8 demon blade "Leech" (weapon) {evervamp, Harm Drain rN+}
   (You bought it in a shop on level 4 of the Vaults)

   rN:        It protects you from negative energy.
   Drain:     It drains your maximum health when unequipped.
   Harm:      It increases damage dealt and taken.
Missiles
 d - 61 poisoned darts (quivered)
 e - 10 curare-tipped darts
Armour
 c - a +0 cloak of willpower (worn)
 E - a +2 hat (worn)
 F - the +2 ring mail of the Bruised Visions (worn) {rF++ Dex+3 Slay+3}
   (You took it off a spriggan on level 2 of the Depths)

   Dex:       It affects your dexterity (+3).
   Slay:      It affects your accuracy & damage with ranged weapons and melee
   (+3).
   rF:        It greatly protects you from fire.
 M - a +2 robe of resistance
 N - a +1 pair of boots of stealth
 O - a +2 kite shield of reflection (worn)
 Q - a +0 kite shield of cold resistance
 U - a +2 pair of boots of rampaging (worn)
 W - a +1 pair of gloves (worn)
 Y - the +5 leather armour of Jiofek {rPois Str-5 Dex+4}
   (You took it off a deep elf zephyrmancer on level 13 of the Dungeon)

   Str:       It affects your strength (-5).
   Dex:       It affects your dexterity (+4).
   rPois:     It protects you from poison.
Jewellery
 g - the ring of the Chupacabra {Will+ Dex+3}
   (You found it in the Desolation of Salt)

   [ring of willpower]

   Dex:       It affects your dexterity (+3).
   Will:      It increases your willpower.
 i - an amulet of regeneration (around neck)
 q - the ring of Gilad (left hand) {Wiz rPois rF++ Will+ Dex-4}
   (You bought it in a shop on level 3 of the Dungeon)

   [ring of wizardry]

   It improves your spell success rate.
   Dex:       It affects your dexterity (-4).
   rF:        It greatly protects you from fire.
   rPois:     It protects you from poison.
   Will:      It increases your willpower.
 G - the ring "Epiyph" {rPois Dex+3}
   (You found it in the Desolation of Salt)

   [ring of poison resistance]

   Dex:       It affects your dexterity (+3).
   rPois:     It protects you from poison.
 L - a +4 ring of slaying (right hand)
 P - a ring of see invisible
 X - a ring of protection from cold
Wands
 m - a wand of digging (4)
 B - a wand of quicksilver (34)
 C - a wand of mindburst (51)
 I - a wand of paralysis (34)
 J - a wand of roots (24)
Scrolls
 f - 6 scrolls of teleportation
 h - 10 scrolls of fog
 r - 8 scrolls of vulnerability
 s - 8 scrolls of poison
 w - 8 scrolls of enchant armour
 y - 2 scrolls of summoning
 A - 9 scrolls of enchant weapon
 D - 5 scrolls of blinking
 H - 3 scrolls of fear
 K - 8 scrolls of silence
 V - 5 scrolls of amnesia
 Z - 2 scrolls of magic mapping
Potions
 j - 23 potions of curing
 k - 6 potions of heal wounds
 l - 4 potions of mutation
 n - 10 potions of might
 o - 10 potions of flight
 p - 4 potions of berserk rage
 t - 9 potions of lignification
 u - 5 potions of attraction
 v - 5 potions of ambrosia
 x - 3 potions of cancellation
 z - 10 potions of haste
 R - 5 potions of invisibility
 S - 7 potions of brilliance
 T - 4 potions of resistance


   Skills:
 + Level 22.1 Fighting
 - Level 21.0(23.0) Short Blades
 - Level 10.8(14.0) Long Blades
 - Level 2.1 Throwing
 + Level 23.7 Dodging
 - Level 24.0 Stealth
 + Level 16.5 Shields


You had 24 spell levels left.
You didn't know any spells.
Your spell library contained the following spells:

 Spells                   Type           Power      Damage    Failure   Level
 Apportation              Tloc           0%         N/A       52%         1
 Kiss of Death            Conj/Necr      0%         2d5       52%         1
 Magic Dart               Conj           0%         1d3       52%         1
 Necrotise                Necr           0%         1d4       52%         1
 Sting                    Tmut/Pois      0%         1d3       52%         1
 Summon Small Mammal      Summ           0%         N/A       52%         1
 Blink                    Tloc           0%         N/A       65%         2
 Call Imp                 Summ           0%         N/A       65%         2
 Cigotuvi's Dreadful Rot  Necr/Pois/Air  0%         N/A       65%         2
 Ensorcelled Hibernation  Hex/Ice        0%         N/A       65%         2
 Lesser Beckoning         Tloc           0%         N/A       65%         2
 Momentum Strike          Conj/Tloc      0%         3d8       65%         2
 Poisonous Vapours        Pois/Air       0%         N/A       65%         2
 Searing Ray              Conj           0%         2d4       65%         2
 Call Canine Familiar     Summ           0%         N/A       86%         3
 Confusing Touch          Hex            0%         N/A       86%         3
 Gell's Gravitas          Tloc           0%         N/A       86%         3
 Inner Flame              Hex/Fire       0%         N/A       86%         3
 Kindle Blastsparks       Fire/Tloc/Air  0%         2d10      86%         3
 Mephitic Cloud           Conj/Pois/Air  0%         N/A       86%         3
 Spider Form              Tmut/Pois      0%         N/A       86%         3
 Summon Guardian Golem    Hex/Summ       0%         N/A       86%         3
 Teleport Other           Tloc           0%         N/A       86%         3
 Airstrike                Air            0%         2d(0-16)  99%         4
 Anguish                  Hex/Necr       0%         N/A       99%         4
 Animate Dead             Necr           0%         N/A       99%         4
 Cause Fear               Hex            0%         N/A       99%         4
 Flame Wave               Conj/Fire      0%         2d4       99%         4
 Fulminant Prism          Conj/Hex       0%         3d5       99%         4
 Leda's Liquefaction      Hex/Erth       0%         N/A       99%         4
 Manifold Assault         Tloc           0%         N/A       99%         4
 Olgreb's Toxic Radiance  Pois           0%         N/A       99%         4
 Passage of Golubria      Tloc           0%         N/A       99%         4
 Sticky Flame             Conj/Fire      0%         2d3       99%         4
 Summon Lightning Spire   Summ/Air       0%         N/A       99%         4
 Alistair's Intoxication  Tmut/Pois      0%         N/A       100%        5
 Blade Hands              Tmut           0%         N/A       100%        5
 Borgnjor's Vile Clutch   Necr/Erth      0%         N/A       100%        5
 Fireball                 Conj/Fire      0%         3d3       100%        5
 Iskenderun's Battlesphe  Conj           0%         2d6       100%        5
 Lee's Rapid Deconstruct  Erth           0%         3d4*      100%        5
 Lightning Bolt           Conj/Air       0%         1d11      100%        5
 Conjure Ball Lightning   Conj/Air       0%         3x3d6     100%        6
 Death Channel            Necr           0%         N/A       100%        6
 Dispersal                Tloc           0%         N/A       100%        6
 Eringya's Noxious Bog    Tmut/Pois      0%         N/A       100%        6
 Statue Form              Tmut/Erth      0%         N/A       100%        6
 Dragon Form              Tmut           0%         N/A       100%        7
 Haunt                    Necr/Summ      0%         N/A       100%        7
 Orb of Destruction       Conj           0%         9d5       100%        7
 Spellforged Servitor     Conj/Summ      0%         N/A       100%        7
 Discord                  Hex            0%         N/A       100%        8
 Infestation              Necr           0%         N/A       100%        8
 Necromutation            Tmut/Necr      0%         N/A       100%        8
 Summon Horrible Things   Summ           0%         N/A       100%        8
 Chain Lightning          Conj/Air       0%         N/A       100%        9
 Dragon's Call            Summ           0%         N/A       100%        9
 Fire Storm               Conj/Fire      0%         5d1       100%        9
 Shatter                  Erth           0%         3d5*      100%        9


Dungeon Overview and Level Annotations

Branches:
Dungeon (15/15)            Temple (1/1) D:7            Lair (5/5) D:11
  Swamp (4/4) Lair:3       Spider (4/4) Lair:3        Slime (0/5) Lair:4
    Orc (2/2) D:12            Elf (3/3) Orc:2        Vaults (4/5) D:13
  Crypt (0/3) Vaults:3     Depths (4/4) D:15        Ossuary (visited)
  IceCv (visited)         Desolation (visited)
    Zot: Depths:4

Altars:
Ashenzari
Cheibriados
Dithmenos
Elyvilon
Fedhas
Gozag
Hepliaklqana
Kikubaaqudgha
Makhleb
Nemelex Xobeh
Okawaru
Qazlal
Ru
Sif Muna
Trog
Uskayaw
Vehumet
Wu Jian
Xom
Yredelemnul
Zin
The Shining One
Lugonu

Shops:
D:3 =[   Orc:2 [(:((   Elf:1 ?   Vaults:3 (   Vaults:4 **!*:   Depths:1 =:=
Depths:3 [**

Portals:
Hell: Depths:1 Depths:2 Depths:3
Abyss: Depths:1 Depths:2 Depths:3
Pandemonium: Depths:2
Ziggurat: Depths:1

Annotations:
Elf:1 1 runed translucent door


Innate Abilities, Weirdness & Mutations

Your life essence is reduced to manifest your ancestor. (-10% HP)
You are small and have problems with some larger weapons.
You are completely attuned to the shadows.
You are somewhat resistant to further mutation.


Message History

You block the spriggan defender's attack.
The spark wasp completely misses you.
There is a stone staircase leading up, spattered with blood here.
You block the spriggan defender's attack.
The spark wasp completely misses you.
The glowing orange brain pulsates.
The purple draconian breathes dispelling energy at you.
The bolt of dispelling energy misses you.
The spriggan air mage barely misses you.
You block the spriggan defender's attack.
You climb upwards.
There is a stone staircase leading down here.
You barely miss the spriggan defender. The spark wasp closely misses you.
The spriggan defender hits you with a +2 flail of protection!!
The spriggan air mage points at you and mumbles some strange words.
The bolt of lightning misses you. You block the spark wasp's attack.
You slash the spriggan defender!
You feel better.
The spriggan defender is moderately wounded.
The spriggan defender completely misses you.
You block the spark wasp's attack.
You block the spriggan air mage's attack.
The spriggan defender blocks your attack.
The spriggan defender is moderately wounded.
You block the spriggan defender's attack.
You block the spark wasp's attack.
You completely miss the spriggan defender.
The spriggan defender is moderately wounded.
The spriggan defender hits you but does no damage.
The spriggan air mage casts a spell at you.
The bolt of lightning misses you. The spark wasp closely misses you.
The spriggan defender hits you with a +2 flail of protection!!
* * * LOW HITPOINT WARNING * * *
The spriggan defender blocks your attack.
The spriggan defender is moderately wounded.
You block the spark wasp's attack.
The spriggan air mage waves its arms in wide circles.
The air twists around and strikes you!!
* * * LOW HITPOINT WARNING * * *
The spriggan defender hits you with a +2 flail of protection!!
You die...

##.##### #. #.##...## #.
######.#.....# ##.
####............# #..
##.............∩.# #..
#..##.##........## ##.
#.##...##..##...####..
#.#.i...#..##.........
#.#..@..#...#.........
#.#.i.y.#......)......
#.##...##.........)...
#..#####..............
##............†..<....
#............##...... ###
#............##).....
#.####.......##...[[.....
##..###........[...).#...


You could see a spriggan defender, a spark wasp and a spriggan air mage (repels
missiles).

Vanquished Creatures
  Mara (Depths:1)
  A juggernaut (Depths:3)
  Sojobo (D:15)
  2 golden dragons (Depths:2)
  The ghost of demibob the Warrior, an adept MfGl of Ashenzari (Swamp:4)
  Arachne (Spider:2)
  3 tentacled monstrosities
  A walking crystal tome (Depths:3)
  2 deep elf blademasters (Elf:3)
  A deep elf master archer (Elf:3)
  A sphinx (Vaults:2)
  The ghost of cforsyth the Convoker, an adept TeSu of Gozag (Swamp:1)
  Agnes (D:15)
  A revenant (Vaults:3)
  2 storm dragons
  3 tengu reavers
  An azure jelly (IceCv)
  2 shadow dragons (Depths:4)
  6 deep elf sorcerers
  12 vault wardens
  3 frost giants
  A balrug (Depths:2)
  Aizul (Spider:3)
  6 emperor scorpions
  2 fire giants
  A caustic shrike zombie (Depths:2)
  2 imperial myrmidons (Desolation)
  5 stone giants
  3 ghost moths
  14 ironbound preservers
  2 quicksilver oozes (IceCv)
  20 very ugly things
  A war gargoyle (Vaults:4)
  6 ironbound thunderhulks
  8 deep elf demonologists
  A black draconian (Depths:4)
  A broodmother (Spider:1)
  10 deep elf annihilators
  A green draconian (Depths:4)
  An eleionoma (Swamp:1)
  Azrael (D:15)
  The ghost of soul19 the Grappler, a journeyman TrFi of Cheibriados (Lair:3)
  3 vampire knights
  14 dire elephants
  4 spark wasps
  2 halazid warlocks (Desolation)
  4 bunyips
  A blizzard demon (Depths:2)
  6 deep elf death magi
  An eidolon (Vaults:3)
  4 fire dragons
  3 crystal guardians
  A merfolk javelineer (Depths:2)
  The ghost of Daym Omu the Thaumaturge, a journeyman DjFE of Makhleb (D:11)
  4 shambling mangroves
  21 ettins
  3 entropy weavers
  4 great orbs of eyes
  A ragged hierophant (Desolation)
  2 deep elf high priests
  8 vault guards
  7 yaktaur captains
  2 ice dragons
  9 peacekeepers
  23 hydras
  6 servants of whispers (Desolation)
  A rakshasa (Depths:2)
  2 ghost crabs (Swamp:4)
  15 centaur warriors
  An ogre mage (Depths:3)
  3 radroaches (Spider:2)
  2 spriggan air magi (Depths:2)
  7 boulder beetles
  15 two-headed ogres
  An anaconda (shapeshifter) (D:12)
  9 ironbound frosthearts
  8 alligators
  2 vampire magi
  11 death yaks
  4 deep troll earth magi
  8 deep troll shamans
  15 tengu warriors
  A death knight (D:14)
  2 hell hogs (Depths:2)
  18 dancing weapons
  3 orc high priests (Orc:2)
  4 hell knights (Depths:2)
  4 skysharks
  5 spriggan berserkers
  3 iron trolls
  13 spriggans
  17 deep elf knights
  2 goliath frogs
  5 skeletal warriors
  A sun demon (Depths:2)
  2 salamander mystics (Depths:2)
  A sun moth (Spider:2)
  6 pharaoh ants
  A storm dragon skeleton (Depths:2)
  11 swamp dragons
  41 deep trolls
  9 orb spiders
  5 bog bodies
  12 deep elf archers
  5 ironbound convokers
  4 orc knights
  5 lindwurms
  4 wizards
  4 steelbarb worms
  3 phantasmal warriors
  5 harpies (Vaults:2)
  A harpy (shapeshifter) (D:13)
  An iron dragon zombie (Depths:2)
  23 wolf spiders
  21 deep elf zephyrmancers
  A steelbarb worm (shapeshifter) (Vaults:4)
  33 deep elf pyromancers
  29 ugly things
  7 manticores
  3 necromancers
  A human zombie (Vaults:3)
  3 will-o-the-wisps
  3 orc sorcerers
  13 cyclopes
  A tengu skeleton (Depths:2)
  5 salamanders (Depths:2)
  A moth of wrath (shapeshifter) (Depths:3)
  4 moths of wrath
  3 black mambas
  A human skeleton (Vaults:3)
  7 demonic crawlers
  Maurice (Orc:1)
  A guardian serpent (Desolation)
  A rust devil (Depths:2)
  An ice statue (IceCv)
  An orange demon (Depths:2)
  Joseph (D:7)
  3 elephants (Lair:1)
  17 cane toads
  A molten gargoyle (Desolation)
  12 vault sentinels
  4 gargoyles
  An unseen horror (D:12)
  4 torpor snails
  6 rime drakes
  2 kobold demonologists
  A yaktaur zombie (Vaults:3)
  5 freezing wraiths
  An ice devil (Depths:2)
  31 yaktaurs
  Maggie (D:7)
  8 komodo dragons
  An efreet (D:15)
  3 tengu conjurers
  9 trolls
  20 hornets
  A queen bee (shapeshifter) (D:13)
  22 blink frogs
  3 meliai (Spider:3)
  8 tyrant leeches
  28 saltlings (Desolation)
  A tyrant leech (shapeshifter) (Depths:2)
  28 tarantellas
  7 polar bears
  5 dream sheep (Lair:5)
  2 shadows
  15 culicivoras
  56 slime creatures
  28 jumping spiders
  An ettin skeleton (Vaults:3)
  4 air elementals
  Eustachio (D:5)
  Sigmund (D:5)
  A vampire (D:10)
  A spriggan (shapeshifter) (D:13)
  4 wraiths
  9 basilisks
  31 yaks
  7 water elementals
  A fire bat (shapeshifter) (D:13)
  9 wyverns
  2 hogs (Spider:1)
  2 steam dragons
  5 fire elementals
  3 fire bats (Lair:1)
  36 redbacks
  13 vampire mosquitoes
  2 wargs
  6 acid dragons
  A glowing shapeshifter skeleton (Depths:2)
  13 swamp worms
  10 water moccasins
  6 hell hounds (D:15)
  5 swamp drakes (Swamp:4)
  A floating eye (D:10)
  A black bear (D:5)
  18 orc warriors
  7 ice beasts
  A deep troll simulacrum (Vaults:3)
  2 great orb of eyes simulacra (IceCv)
  9 centaurs
  10 wolves
  11 boggarts
  9 ogres
  A phantom (D:4)
  2 slime creature simulacra (IceCv)
  A kobold brigand (D:9)
  8 bullfrogs
  An earth elemental (Elf:3)
  A gnoll sergeant (D:10)
  3 scorpions (D:5)
  2 glowing shapeshifter simulacra (IceCv)
  2 wights (D:10)
  2 killer bees (D:9)
  4 electric eels
  5 howler monkeys
  2 jellies (Lair:4)
  18 orc priests
  2 hell rats (D:15)
  An iguana (D:5)
  18 orc wizards
  4 shapeshifter simulacra (IceCv)
  A mummy (Ossuary)
  5 adders
  5 gnolls
  4 hexers
  A shadow imp (D:7)
  A white imp (D:5)
  2 worms
  5 dart slugs
  55 orcs
  4 spectral bats (Ossuary)
  10 endoplasms
  3 giant cockroaches
  12 gnoll zombies (Ossuary)
  7 goblins
  6 hobgoblins
  5 quokkas
  2 training dummies (Orc:2)
  14 ball pythons
  3 bats (D:1)
  2 bat simulacra (Ossuary)
  5 frilled lizards
  2 goblin simulacra (Ossuary)
  3 hobgoblin zombies (Ossuary)
  10 kobolds
  2 kobold simulacra (Ossuary)
  5 kobold zombies (Ossuary)
  6 orc zombies (Ossuary)
  6 rats
  4 rat simulacra (Ossuary)
  A rat zombie (D:6)
  3 spectral goblins (Ossuary)
  3 spectral kobolds (Ossuary)
  3 spectral rats (Ossuary)
1590 creatures vanquished.

Vanquished Creatures (collateral kills)
  A lich (Depths:2)
  A deep elf master archer (Elf:3)
  Kirke (Spider:1)
  A storm dragon (Depths:3)
  An emperor scorpion (Spider:4)
  A deep elf sorcerer (Elf:3)
  4 ghost moths (Spider:4)
  2 stone giants
  An ironbound preserver (Vaults:3)
  2 very ugly things
  A dire elephant (Vaults:2)
  2 spark wasps (Depths:2)
  An entropy weaver (Spider:4)
  A merfolk javelineer (Depths:2)
  An ettin (Depths:3)
  A crystal guardian (Desolation)
  2 deep elf high priests (Elf:3)
  A great orb of eyes (Vaults:4)
  A rakshasa (Depths:3)
  3 vault guards (Vaults:4)
  Josephine (Spider:1)
  An ogre mage (Vaults:4)
  2 centaur warriors (Vaults:3)
  6 hydras
  An alligator (Swamp:3)
  2 two-headed ogres
  9 dancing weapons
  A deep troll shaman (Depths:2)
  2 death yaks
  4 deep elf knights
  3 hell knights (Depths:2)
  An orc high priest (Orc:2)
  2 spriggan berserkers (Swamp:3)
  A pharaoh ant (Spider:2)
  3 iron trolls
  11 deep trolls
  A goliath frog (Lair:5)
  2 bog bodies
  A steelbarb worm (Spider:4)
  A phantasmal warrior (Depths:2)
  2 wizards
  5 deep elf pyromancers
  3 deep elf zephyrmancers
  A lindwurm (Vaults:2)
  An orc sorcerer (Orc:2)
  2 wolf spiders (Spider:2)
  3 ugly things
  A manticore (D:15)
  2 will-o-the-wisps
  A torpor snail (Spider:4)
  A black mamba (Lair:5)
  An elephant (Lair:1)
  A demonic crawler (Spider:3)
  An ice statue (IceCv)
  4 cane toads
  2 rime drakes
  A komodo dragon (Lair:3)
  A yaktaur (Vaults:4)
  A tengu conjurer (Depths:3)
  A hellwing (Depths:2)
  A queen bee (shapeshifter) (D:15)
  3 trolls
  3 blink frogs (Lair:5)
  8 saltlings (Desolation)
  6 tarantellas
  6 hornets
  2 tyrant leeches
  2 dream sheep (Lair:5)
  8 jumping spiders
  10 slime creatures
  6 yaks
  2 culicivoras
  A centaur simulacrum (D:15)
  An air elemental (Elf:3)
  2 wyverns
  4 wraiths
  A fire bat (Lair:1)
  A spriggan (Swamp:1)
  2 hogs (Spider:1)
  2 fire elementals (D:15)
  7 redbacks
  3 water moccasins (Lair:2)
  Menkaure (D:7)
  3 swamp drakes
  2 ice beasts (D:10)
  A swamp drake (shapeshifter) (D:13)
  3 orc warriors
  An ogre (Orc:1)
  2 boggarts
  7 wolves
  2 centaurs
  A slime creature simulacrum (IceCv)
  2 kobold brigands
  4 bullfrogs
  An earth elemental (Elf:3)
  A killer bee (D:9)
  4 electric eels
  3 jellies
  7 orc priests
  A hound (D:5)
  An iguana (D:5)
  12 orc wizards
  An adder (D:3)
  3 gnolls
  A white imp (D:5)
  15 orcs
  A spectral bat (Ossuary)
  An endoplasm (D:4)
  A hobgoblin (D:3)
  A training dummy (Orc:2)
  A bat (D:3)
  A hobgoblin zombie (Ossuary)
  A kobold zombie (Ossuary)
  2 orc zombies (Ossuary)
  A rat (D:3)
  A rat zombie (D:6)
  2 spectral goblins (Ossuary)
  A spectral kobold (Ossuary)
  3 spectral rats (Ossuary)
296 creatures vanquished.

Vanquished Creatures (others)
  A catoblepas (D:15)
  A deep elf pyromancer (Elf:2)
  A gargoyle (D:13)
  2 bloated husks
  A saltling (Desolation)
  A slime creature (D:15)
  A human (Spider:1)
  A vampire mosquito (Swamp:3)
  A swamp worm (Swamp:3)
  An ogre (Depths:3)
  39 hexers
  An ancestor (D:3)
  12 foxfires
  24 fungi
  A pillar of salt (Desolation)
  99 plants
  A withered plant (Desolation)
188 creatures vanquished.

Grand Total: 2074 creatures vanquished

Notes
Turn   | Place    | Note
-------+----------+-------------------------------------------
     0 | D:1      | cforsyth the Kobold Brigand began the quest for the Orb.
     0 | D:1      | Reached XP level 1. HP: 12/12 MP: 1/1
   101 | D:1      | Reached XP level 2. HP: 14/18 MP: 2/2
   403 | D:1      | Reached XP level 3. HP: 22/22 MP: 3/3
   862 | D:2      | Found a hazy altar of Hepliaklqana.
   906 | D:2      | Became a worshipper of Hepliaklqana the Forgotten
  1435 | D:2      | Reached XP level 4. HP: 27/27 MP: 4/4
  1591 | D:2      | Reached skill level 6 in Stealth
  1714 | D:3      | Reached * piety under Hepliaklqana
  1724 | D:3      | Found a glowing silver altar of Zin.
  1744 | D:3      | Found Cihop's Antique Armour Emporium.
  1804 | D:3      | Found Xuawi's Jewellery Shop.
  1838 | D:3      | Found a faded altar of an unknown god.
  2018 | D:3      | Reached XP level 5. HP: 23/28 MP: 5/5
  2389 | D:3      | Reached XP level 6. HP: 28/33 MP: 6/6
  2571 | D:3      | Found a basalt altar of Yredelemnul.
  2789 | D:4      | Found a burning altar of Makhleb.
  2837 | D:4      | Reached ** piety under Hepliaklqana
  2838 | D:4      | Remembered your ancestor Khabaw as a hexer
  3265 | D:4      | Reached skill level 7 in Stealth
  3395 | D:4      | Found an ancient bone altar of Kikubaaqudgha.
  3415 | D:5      | Entered Level 5 of the Dungeon
  3492 | D:5      | Noticed Eustachio
  3509 | D:5      | Killed Eustachio
  3510 | D:5      | Reached skill level 5 in Short Blades
  3510 | D:5      | Reached XP level 7. HP: 36/39 MP: 7/7
  3575 | D:5      | Noticed Sigmund
  3600 | D:5      | Killed Sigmund
  3601 | D:5      | Reached XP level 8. HP: 43/43 MP: 8/8
  3676 | D:5      | Reached skill level 5 in Dodging
  3676 | D:5      | Reached skill level 8 in Stealth
  3716 | D:5      | Reached skill level 5 in Fighting
  3975 | D:5      | Reached skill level 9 in Stealth
  4218 | D:5      | Reached *** piety under Hepliaklqana
  4393 | D:6      | Reached XP level 9. HP: 49/49 MP: 9/9
  4646 | D:6      | Found a sand-covered staircase.
  4652 | Ossuary  | Entered an ossuary
  5462 | D:6      | Found a hazy altar of Hepliaklqana.
  5616 | D:7      | Noticed Menkaure
  5623 | D:7      | Killed Menkaure
  5819 | D:7      | Noticed Joseph
  5822 | D:7      | Killed Joseph
  5823 | D:7      | Reached skill level 10 in Stealth
  6010 | D:7      | Found a staircase to the Ecumenical Temple.
  6180 | D:7      | Noticed Maggie
  6184 | D:7      | Killed Maggie
  6328 | Temple   | Entered the Ecumenical Temple
  6457 | D:8      | Reached **** piety under Hepliaklqana
  6478 | D:8      | Reached XP level 10. HP: 56/56 MP: 10/10
  6977 | D:8      | Reached skill level 11 in Stealth
  7125 | D:8      | Found a stormy altar of Qazlal.
  7646 | D:9      | Found a hide-covered altar of Uskayaw.
  7728 | D:9      | Reached skill level 1 in Shields
  8408 | D:10     | Entered Level 10 of the Dungeon
  8482 | D:10     | Noticed a two-headed ogre
  8484 | D:10     | Killed a two-headed ogre
  8485 | D:10     | Reached skill level 10 in Short Blades
  8485 | D:10     | Noticed a two-headed ogre
  8489 | D:10     | Killed a two-headed ogre
  8501 | D:10     | Reached skill level 12 in Stealth
  8501 | D:10     | Reached XP level 11. HP: 62/62 MP: 11/11
  8539 | D:10     | Reached ***** piety under Hepliaklqana
  9065 | D:10     | Paralysed by a floating eye for 4 turns
  9073 | D:10     | Noticed a cyclops
  9075 | D:10     | Paralysed by a floating eye for 4 turns
  9320 | D:10     | Noticed a two-headed ogre
  9326 | D:10     | Paralysed by a floating eye for 2 turns
  9608 | D:10     | Killed a two-headed ogre
  9609 | D:10     | Reached skill level 10 in Dodging
  9669 | D:10     | Identified a scroll of acquirement
  9669 | D:10     | Acquired 582 gold pieces
  9937 | D:10     | Killed a cyclops
  9938 | D:10     | Reached skill level 13 in Stealth
 10380 | D:11     | Found a staircase to the Lair.
 10465 | D:11     | Reached XP level 12. HP: 69/69 MP: 12/12
 10486 | D:11     | Found a runed translucent door.
 11240 | D:3      | Bought a shiny buckler for 225 gold pieces
 11397 | Lair:1   | Entered Level 1 of the Lair of Beasts
 11495 | Lair:1   | Reached skill level 10 in Fighting
 11785 | Lair:1   | Reached skill level 5 in Shields
 11837 | Lair:1   | Noticed a five-headed hydra
 11841 | Lair:1   | Killed a five-headed hydra
 11842 | Lair:1   | Reached skill level 14 in Stealth
 13401 | Lair:2   | Reached XP level 13. HP: 75/75 MP: 13/13
 13760 | Lair:2   | Reached skill level 15 in Stealth
 14337 | Lair:3   | Found a staircase to the Swamp.
 14350 | Lair:3   | Identified the +2 leather armour of Pandemonium {rPois
                  | Str+3}
 14431 | Lair:3   | Found a runed translucent gate.
 14431 | Lair:3   | Found a runed translucent gate.
 14431 | Lair:3   | Found a runed translucent gate.
 14602 | Lair:3   | Found a hole to the Spider Nest.
 15002 | Lair:3   | Reached ****** piety under Hepliaklqana
 15044 | Lair:3   | Noticed a five-headed hydra
 15057 | Lair:3   | Killed a five-headed hydra
 15393 | Lair:3   | Noticed a 12-headed hydra
 15393 | Lair:3   | Noticed soul19's ghost (journeyman TrFi)
 16243 | Lair:4   | Reached XP level 14. HP: 61/82 MP: 14/14
 16647 | Lair:4   | Reached skill level 16 in Stealth
 16685 | Lair:4   | Found a staircase to the Slime Pits.
 17103 | Lair:5   | Entered Level 5 of the Lair of Beasts
 17940 | Lair:5   | Reached skill level 15 in Short Blades
 18094 | Lair:5   | Identified the +3 leather armour of Shadows and Fog {Int+3}
 18100 | Lair:5   | Identified the +3 plate armour of the Equinox {rElec Str+4}
 18771 | D:12     | Reached skill level 17 in Stealth
 18953 | D:12     | Found a staircase to the Orcish Mines.
 19173 | D:12     | Reached XP level 15. HP: 88/88 MP: 15/15
 19818 | Orc:1    | Entered Level 1 of the Orcish Mines
 19976 | Orc:1    | Noticed Maurice
 19999 | Orc:1    | Killed Maurice
 20216 | Orc:2    | Entered Level 2 of the Orcish Mines
 20271 | Orc:2    | Paralysed by an orc sorcerer for 4 turns
 20438 | Orc:2    | Found a staircase to the Elven Halls.
 20456 | Orc:2    | Found a frozen archway.
 20543 | IceCv    | Entered an ice cave
 20581 | IceCv    | Noticed a quicksilver ooze
 20585 | IceCv    | Killed a quicksilver ooze
 21465 | IceCv    | Found a viscous altar of Jiyva.
 21465 | IceCv    | Noticed an azure jelly
 21468 | IceCv    | Noticed a quicksilver ooze
 21469 | IceCv    | Killed an azure jelly
 21473 | IceCv    | Killed a quicksilver ooze
 21477 | IceCv    | Got the +12 dagger of Regicide {freeze, rElec}
 21487 | IceCv    | Identified the +1 robe "Ekudduh" {rElec Int-4 Dex+3}
 21666 | Orc:2    | Reached skill level 18 in Stealth
 21766 | Orc:2    | Found Rousafeuq's Armour Emporium.
 21767 | Orc:2    | Found Ituoxzad's Book Emporium.
 21769 | Orc:2    | Found Uxixt's Weapon Shoppe.
 21769 | Orc:2    | Found Soteoc's Antique Weapon Shoppe.
 21865 | Orc:2    | Found Washir's Firing Range.
 22376 | D:13     | Noticed a frost giant
 22755 | D:12     | Killed a frost giant
 23064 | D:13     | Reached skill level 15 in Dodging
 23086 | D:13     | Identified the +8 halberd "Jelia" {heavy, rPois rF+ rCorr}
 23089 | D:13     | Identified the +5 leather armour of Jiofek {rPois Str-5
                  | Dex+4}
 23101 | D:13     | Reached XP level 16. HP: 64/93 MP: 16/16
 23392 | D:13     | Got the Quarto of Unholy Words
 24387 | D:13     | Found a gate to the Vaults.
 24866 | D:14     | Found a sacrificial altar of Ru.
 25639 | D:14     | Reached skill level 19 in Stealth
 25945 | D:15     | Entered Level 15 of the Dungeon
 26162 | D:15     | Noticed Azrael
 26178 | D:15     | Noticed Agnes
 26284 | D:15     | Killed Agnes
 26574 | D:15     | Reached skill level 10 in Shields
 26699 | D:15     | Killed Azrael
 26706 | D:15     | Reached XP level 17. HP: 82/100 MP: 17/17
 26841 | D:15     | Reached skill level 15 in Fighting
 26990 | D:15     | Found a staircase to the Depths.
 28067 | Spider:1 | Entered Level 1 of the Spider Nest
 28271 | Spider:1 | Noticed Kirke
 28286 | Spider:1 | Killed Kirke
 28732 | Spider:1 | Reached skill level 20 in Stealth
 28970 | Spider:1 | Noticed Josephine
 28980 | Spider:1 | Killed Josephine
 29943 | Spider:2 | Noticed Arachne
 31063 | Spider:2 | Reached XP level 18. HP: 108/108 MP: 18/18
 31841 | Spider:3 | Noticed Aizul
 31854 | Spider:3 | Killed Aizul
 32968 | Spider:2 | Killed Arachne
 33338 | Spider:4 | Entered Level 4 of the Spider Nest
 33741 | Spider:4 | Identified the +3 falchion of Collusion {venom, rPois rN+}
 34566 | Spider:4 | Reached skill level 21 in Stealth
 35383 | Spider:4 | Reached XP level 19. HP: 114/114 MP: 19/19
 35551 | Spider:4 | Got a gossamer rune of Zot
 35963 | Swamp:1  | Entered Level 1 of the Swamp
 36248 | Swamp:1  | Found a runed translucent door.
 36252 | Swamp:1  | Found a shimmering altar of Xom.
 36252 | Swamp:1  | Noticed cforsyth's ghost (adept TeSu)
 36654 | Swamp:2  | Identified the +7 chain mail of the Equator {Fly rN+ Will+}
 37467 | Swamp:3  | Noticed a tentacled monstrosity
 37475 | Swamp:3  | Killed a tentacled monstrosity
 37642 | Swamp:3  | Reached skill level 22 in Stealth
 37909 | Swamp:3  | Identified the +0 kite shield of Pantheism {rC+ Str+3}
 38137 | Swamp:4  | Entered Level 4 of the Swamp
 38141 | Swamp:4  | Found a large runed translucent door.
 38142 | Swamp:4  | Found a large runed translucent door.
 38771 | Swamp:4  | Reached XP level 20. HP: 98/120 MP: 20/20
 38994 | Swamp:4  | Got a decaying rune of Zot
 39173 | D:11     | Noticed Daym Omu's ghost (journeyman DjFE)
 39178 | D:11     | Killed Daym Omu's ghost
 39268 | Lair:3   | Killed soul19's ghost
 39328 | Swamp:1  | Noticed a tentacled monstrosity
 39340 | Swamp:1  | Noticed a tentacled monstrosity
 39345 | Swamp:1  | Killed cforsyth's ghost
 39441 | Swamp:4  | Noticed demibob's ghost (adept MfGl)
 39490 | Swamp:4  | Killed demibob's ghost
 39666 | Swamp:4  | Identified the +3 scimitar "Gaulaf" {venom, rElec rN+++
                  | Str-4 Int-2}
 39836 | Vaults:1 | Entered Level 1 of the Vaults
 40636 | Vaults:1 | Paralysed by a great orb of eyes for 4 turns
 41546 | Vaults:2 | Reached skill level 23 in Stealth
 41939 | Vaults:2 | You fall into a shaft and drop 2 floors!
 41939 | Vaults:4 | Found Onaixel's Distillery.
 41945 | Vaults:4 | Found Sokal's Assorted Antiques.
 41952 | Vaults:4 | Found Xuonwite's Assorted Antiques.
 42160 | Vaults:4 | Reached skill level 1 in Long Blades
 42226 | Vaults:4 | Reached XP level 21. HP: 126/126 MP: 21/21
 42245 | Vaults:4 | Found Pynir's General Store.
 44011 | Vaults:2 | Reached skill level 24 in Stealth
 44129 | Vaults:2 | Identified the +6 scale mail of the Butterfly {rN+}
 44379 | Vaults:3 | Reached XP level 22. HP: 128/134 MP: 22/22
 44714 | Vaults:3 | Found Fuck's Weapon Boutique.
 44743 | Vaults:3 | Found a staircase to the Crypt.
 44748 | Vaults:3 | Reached skill level 5 in Long Blades
 46294 | Vaults:4 | Found Voses's Book Shoppe.
 46697 | Vaults:4 | Bought the +8 demon blade "Leech" {evervamp, Harm Drain
                  | rN+} for 2265 gold pieces
 46697 | Vaults:4 | Found the +8 demon blade "Leech" {evervamp, Harm Drain rN+}
 46976 | Elf:1    | Entered Level 1 of the Elven Halls
 46976 | Elf:1    | Found a runed translucent gate.
 46976 | Elf:1    | Found a runed translucent gate.
 46976 | Elf:1    | Found a runed translucent gate.
 46976 | Elf:1    | Found a runed translucent gate.
 46976 | Elf:1    | Found a runed translucent gate.
 46976 | Elf:1    | Found a runed translucent gate.
 46995 | Elf:1    | Found a runed translucent door.
 47011 | Elf:1    | Found a runed translucent door.
 47844 | Elf:1    | Found Roekoc's Magic Scroll Shoppe.
 48159 | Elf:2    | Found a crumbling gateway.
 48169 | Desolati | Entered the Desolation of Salt
 48342 | Desolati | Identified the +1 shortbow of the Fool {drain, rPois Str-4
                  | Dex+5 SInv}
 48349 | Desolati | Identified the ring of the Chupacabra {Will+ Dex+3}
 48622 | Desolati | Got the Anthology of the Stinger
 48650 | Desolati | Identified the ring "Racuegur" {*Slow rElec rCorr SInv}
 48663 | Desolati | Reached XP level 23. HP: 139/139 MP: 23/23
 48710 | Desolati | Got the Incunabulum of Pyromania
 48732 | Desolati | Identified the ring of Gomihoru {rN+ Int+6}
 48733 | Desolati | Identified the +1 robe of Dishonour {rElec rPois rF++
                  | Dex-4}
 48736 | Desolati | Got the Anthology of Nasty Transmogrification
 48839 | Desolati | Identified the +5 lajatang of the End {speed, rF+ rN+}
 48840 | Desolati | Identified the ring "Epiyph" {rPois Dex+3}
 48931 | Desolati | Identified the ring of Lugonu's Respect {*Slow rF+ rN+
                  | Int+4}
 49223 | Elf:2    | Identified the +2 plate armour of Dramatic Exits {Harm
                  | Int+2 Stlth+}
 49525 | Elf:2    | Found a runed translucent gate.
 49525 | Elf:2    | Found a runed translucent gate.
 49527 | Elf:2    | Found a runed translucent gate.
 50213 | Elf:3    | Entered Level 3 of the Elven Halls
 50221 | Elf:3    | Found the +15 Maxwell's patent armour {-Cast -Tele rElec
                  | Will+ rCorr}
 50303 | Elf:3    | Reached skill level 15 in Shields
 52375 | Elf:3    | Gained mutation: You are occasionally teleported next to
                  | monsters. [a cacodemon]
 53307 | Elf:3    | Got the Disquisition on Helpful Malediction
 53386 | Elf:3    | Lost mutation: You are occasionally teleported next to
                  | monsters. [potion of mutation]
 53386 | Elf:3    | Gained mutation: You are somewhat resistant to further
                  | mutation. [potion of mutation]
 53702 | D:3      | Bought the ring of Gilad {Wiz rPois rF++ Will+ Dex-4} for
                  | 670 gold pieces
 53948 | Depths:1 | Entered Level 1 of the Depths
 53970 | Depths:1 | Noticed Sojobo
 54855 | D:15     | Reached XP level 24. HP: 147/147 MP: 23/23
 55675 | D:15     | Killed Sojobo
 55728 | Depths:1 | Noticed Mara
 55735 | Depths:1 | Noticed cforsyth's illusion
 55738 | Depths:1 | Killed Mara
 55808 | Depths:1 | Found a one-way gateway to a ziggurat.
 55868 | Depths:1 | You fall into a shaft and drop 1 floor!
 56045 | Depths:2 | Found a hazy altar of Hepliaklqana.
 56119 | Depths:2 | HP: 5/147 [deep troll earth mage/blast of rock fragments
                  | (45)]
 56183 | Depths:2 | Found a one-way gate leading to the halls of Pandemonium.
 56506 | Depths:2 | Identified the +2 ring mail of the Bruised Visions {rF++
                  | Dex+3 Slay+3}
 56817 | Depths:1 | Identified the +1 helmet of Hykhafom {-Tele rElec rC+ MP+9}
 57092 | Depths:1 | Found a gateway to Hell.
 57131 | Depths:1 | Found Justra's Jewellery Boutique.
 57131 | Depths:1 | Found Filov's Jewellery Boutique.
 57132 | Depths:1 | Found Qyint's Book Emporium.
 57335 | Depths:1 | Found a corrupted altar of Lugonu.
 57335 | Depths:1 | Found a one-way gate to the infinite horrors of the Abyss.
 58244 | Depths:2 | Noticed a golden dragon
 58248 | Depths:2 | Noticed a golden dragon
 58258 | Depths:2 | Killed a golden dragon
 58555 | Depths:2 | Killed a golden dragon
 58556 | Depths:2 | Reached skill level 10 in Long Blades
 58907 | Depths:3 | Reached XP level 25. HP: 142/154 MP: 23/23
 59188 | Depths:3 | Found Ageuski's Assorted Antiques.
 59191 | Depths:3 | Found Lesy's Book Emporium.
 59191 | Depths:3 | Found Ycar's General Store.
 59198 | Depths:3 | Found Aloucs's Armour Shoppe.
 59604 | Depths:3 | Identified the +6 quarterstaff of the Dungeon {drain,
                  | Fragile Int+3}
 59609 | Depths:3 | Identified the +6 morningstar of Wyrd {freeze, rF+ Int+4}
 59610 | Depths:3 | Identified the +0 short sword "Geqixzuext" {freeze, rPois
                  | Str+4}
 59624 | Depths:3 | Noticed a juggernaut
 59637 | Depths:3 | Killed a juggernaut
 59733 | Depths:3 | Identified the +4 longbow of the Trees {drain, rElec rC+
                  | Str+2 Int+4}
 59740 | Depths:3 | Got the Monograph on Translocation and the Nimbus
 60083 | Depths:3 | Found a glowing silver altar of Zin.
 60083 | Depths:3 | Found a white marble altar of Elyvilon.
 60084 | Depths:3 | Found a glowing golden altar of the Shining One.
 60101 | Depths:3 | Found an ornate altar of the Wu Jian Council.
 60333 | Depths:4 | Entered Level 4 of the Depths
 60370 | Depths:3 | HP: 7/153 [spriggan air mage/the air (32)]
 60370 | Depths:3 | Annihilated by a spriggan defender

Illustrated notes

Levels and vault maps discovered:
D:1:      psy_arrival_conway, layout_loops_ring, minmay_tetromino_s4
D:2:      layout_basic, basic_altar, dk_noncrumbling_2
D:3:      layout_basic, mainiacjoe_overflow_big_doors,
          nicolae_ecumenical_snake_handling, serial_shops, shop,
          nicolae_shop_trees, minmay_misc_feat_hallway, serial_bayou_ford_a
D:4:      layout_basic, amcnicky_altar_gilded, mainiacjoe_overflow_brackets
D:5:      layout_basic, minmay_large_rounded_square, uniq_sigmund,
          uniq_eustachio
D:6:      layout_basic, lemuel_tele_altar, enter_ossuary_4
D:7:      layout_basic, minmay_temple_entry_statues_fountains, uniq_joseph,
          uniq_maggie, uniq_menkaure
D:8:      layout_rooms, kennysheep_little_box
D:9:      layout_loops_corners, lemuel_crystal_altar, minivault_22,
          chequers_jeans
D:10:     minmay_twisted_water, layout_basic, onia_ninara_cookie
D:11:     layout_basic, lair_entry_dummy, ebering_ghost_reflecting_pool
D:12:     layout_basic, minmay_orc_entry_temple_small
D:13:     minmay_the_grid_square_5x5_4x4_mashed [minmay_the_grid_square_5x5_z,
          minmay_the_grid_square_5x5_minivault,
          minmay_the_grid_square_5x5_two_walls_b,
          minmay_the_grid_square_5x5_n_small, minmay_the_grid_square_5x5_seven,
          minmay_the_grid_square_5x5_prize_waves,
          minmay_the_grid_square_5x5_prize_rear_guard,
          minmay_the_grid_square_5x5_comb, minmay_the_grid_square_5x5_minibox,
          minmay_the_grid_square_5x5_prize_monsterx,
          minmay_the_grid_square_5x5_prize_open,
          minmay_the_grid_square_5x5_sharp_hourglass,
          minmay_the_grid_square_5x5_almost_minimal,
          minmay_the_grid_square_5x5_percent,
          minmay_the_grid_square_5x5_tetrominoes,
          minmay_the_grid_square_5x5_inner_v], layout_layer_cave, david_vaults_4
D:14:     layout_cave_pools, nicolae_ru_awakened_eye
D:15:     grunt_enter_depths_snipers, layout_basic, special_room
          [special_room_mythical_zoo], kennysheep_kite_vault, uniq_azrael,
          uniq_agnes
Temple:   nicolae_temple_no_exploring_needed
Lair:1:   layout_cellular_growth, eino_small_chamber_without_monster,
          amcnicky_mini_pool_medium, lemuel_fruit_tree,
          infiniplex_staircase_pool
Lair:2:   layout_roguey, grunt_megastairs_5
Lair:3:   layout_concentric_octagons, swamp_mist, spider_nest_entry_webs,
          gammafunk_ghost_hydra_chop
Lair:4:   layout_regular_city, minmay_slime_entry_pillars
Lair:5:   minmay_lair_end_frog_pond, layout_misc_corridors
Swamp:1:  layout_basic_swamp, ebering_ghost_xom, evilmike_swamp_ruin_house_4
Swamp:2:  layout_basic_swamp, evilmike_swamp_ruin_house_6
Swamp:3:  layout_falls_marsh, evilmike_swamp_ruin_rubble_1
Swamp:4:  swamp_basic_johnstein, layout_basic_swamp, ebering_ghost_disaster_area
Spider:1: nicolae_spider_jumping_over_cracks [nicolae_spider_jumping_sub_lake,
          nicolae_spider_jumping_sub_stairs,
          nicolae_spider_jumping_sub_shuffled,
          nicolae_spider_jumping_sub_lanes], uniq_josephine, uniq_kirke
Spider:2: layout_spider_delve, uniq_arachne
Spider:3: layout_chambers, drop_trap, uniq_aizul
Spider:4: grunt_spider_rune_circles
Orc:1:    layout_diamond_mine, uniq_maurice
Orc:2:    st_orc_mages, layout_caves, portal_ice_cave_entry_animals_and_master,
          nicolae_shop_firing_range
Elf:1:    nicolae_elf_arrival_dilemma, layout_geoelf_grid, serial_shops,
          nicolae_shop_advertising_works [nicolae_subvault_shop_adworks],
          minmay_elf_sorcery
Elf:2:    nicolae_elf_blades_splatter_lattice
          [nicolae_vaults_blade_armed_guards], layout_geoelf_grid,
          portal_desolation_entry_nicolae_menacing_earthworks
Elf:3:    elf_hall, layout_loops_corners, dreamdust_deal_with_the_devil,
          grunt_megastairs_4
Vaults:1: vaults_dpeg_emergency_exit, vaults_room_door_hall,
          hangedman_vaults_unwind, grunt_vaults_hallway_short,
          nicolae_vaults_rhombus_6, layout_vaults_chaotic_city
Vaults:2: hangedman_vaults_corner_blocks, st_lines, dpeg_vaults_monster_box,
          vaults_room_ringed_pool, v_pattern_4, nicolae_vaults_ninety_degrees,
          v_misc_2, v_misc_11, vaults_room_door_ring, vaults_dpeg_encased_lava,
          vaults_standard_mumra_x, nicolae_vaults_back_hallway,
          nicolae_vaults_little_squares_1, vaults_room_stairs_pillars,
          layout_vaults_ring
Vaults:3: minmay_crypt_entry_simple_plaza, ontoclasm_vaults_bender, v_misc_14,
          vaults_mumra_chevron, hangedman_vaults_trim, v_pattern_1, v_rooms_1,
          v_misc_10, ontoclasm_vaults_idyll, vaults_room_hangedman_quadrants,
          layout_vaults_maze, serial_shops, nicolae_shop_bloodbath_and_beyond
Vaults:4: nicolae_vaults_circle_grid_b, v_misc_3, vaults_standard_mumra_lines,
          v_misc_3, nicolae_vaults_rhombus_6,
          vaults_room_grunt_arrival_checkpoint, ontoclasm_vaults_chip,
          layout_vaults_omnigrid, serial_shops, shop, nicolae_shop_statue_plus,
          shop, shop, nicolae_shop_crystal
Depths:1: layout_forbidden_donut, enter_ziggurat_a, abyss_entry_flame_altar,
          pf_hell_entry_tar_spiral, st_stairs_7, kennysheep_underground_church,
          grunt_megastairs_2, minmay_shop_grove, uniq_sojobo, uniq_mara
Depths:2: cross_vault, layout_cave_shapes, nicolae_hepliaklqana_hippocampus,
          abyss_entry, hellmouth_1, rand_demon_pan_entry_1, grunt_ministairs_11,
          infiniplex_staircase_pool_2
Depths:3: giant_chief_lemuel, layout_cave_shapes, abyss_entry_crystal,
          hell_entry, good_gods_mini_temple, pdpol_wu_jian_five_deadly_venoms,
          serial_bayou_shore_b, minmay_staircase_bubble, minmay_shoptagon
Depths:4: evilmike_zot_entry_basic, layout_cave_pools,
          nicolae_qazlal_scattered_showers, hell_entry, serial_shops,
          nicolae_shop_window_shopping, uniq_boris

Skill      XL: |  1  2  3  4  5  6  7  8  9 10 11 12 13 14 15 16 17 18 19 20 21 22 23 24 25 |
---------------+----------------------------------------------------------------------------+-----
Short Blades   | 3 4 5 7 8 10 11 12 14 15 16 17 18 19 20 21 | 21.0
Dodging        | 2 3 4 6 7 9 10 11 12 13 15 16 17 18 19 20 21 22 23 | 23.7
Stealth        | 6 7 9 10 12 13 14 15 17 18 19 20 21 22 23 24 | 24.0
Fighting       | 3 4 6 7 8 9 10 12 13 14 15 16 17 18 19 20 21 22 | 22.1
Shields        | 2 4 5 7 8 9 10 11 12 13 14 15 16 | 16.5
Long Blades    | 1 4 6 8 10 | 10.8
Throwing       | |  2.1

Action                     |  1- 3 |  4- 6 |  7- 9 | 10-12 | 13-15 | 16-18 | 19-21 | 22-24 | 25-27 || total
---------------------------+-------+-------+-------+-------+-------+-------+-------+-------+-------++-------
  Melee: Dagger            |    83 |   165 |   256 |   453 |   137 |  1303 |  1208 |  1003 |       ||  4608
         Punch             |       |     3 |     4 |     8 |       |       |       |       |       ||    15
         Short sword       |       |       |       |   215 |  1315 |       |       |       |       ||  1530
         Demon blade       |       |       |       |       |       |       |       |   408 |   250 ||   658
 Invoke: Ancestor Life: He |       |     1 |       |       |       |       |       |       |       ||     1
         Recall Ancestor   |       |       |       |     4 |     2 |       |     1 |     2 |       ||     9
    Use: Scroll            |       |       |    11 |    14 |     7 |     5 |     2 |     7 |       ||    46
         Potion            |       |       |     1 |     4 |     1 |     2 |     3 |     7 |       ||    18
   Stab: Sleeping          |    23 |    13 |    28 |    19 |    53 |    38 |    34 |    57 |     5 ||   270
         Distracted        |       |     2 |     6 |    24 |    46 |    28 |    43 |    29 |     4 ||   182
         Confused          |       |     1 |    11 |    21 |    30 |    45 |    83 |    68 |    17 ||   276
         Paralysed         |       |       |       |       |    28 |    72 |    62 |    44 |    13 ||   219
         Held in net/web   |       |       |       |       |       |     2 |       |       |       ||     2
 Armour: Robe              |    10 |    17 |    28 |    49 |   103 |    62 |     4 |       |       ||   273
         Leather armour    |       |       |       |       |       |     8 |    86 |    93 |       ||   187
         Ring mail         |       |       |       |       |       |       |       |    13 |    17 ||    30
  Dodge: Dodged            |    19 |   118 |   143 |   464 |   994 |   891 |   788 |   836 |   168 ||  4421
  Block: Buckler           |       |       |       |    49 |   398 |       |       |       |       ||   447
         Kite shield       |       |       |       |       |   135 |  1037 |   734 |   875 |   165 ||  2946
         Reflection        |       |       |       |       |       |    17 |    18 |    50 |       ||    85

Table legend: (Time is in decaauts)
 A = Elapsed time spent in this place.
 B = Non-inter-level travel time spent in this place.
 C = Inter-level travel time spent in this place.
 D = Time resting spent in this place.
 E = Time spent auto-exploring this place.
 F = Levels seen in this place.
 G = Mean time per level.
                   A        B        C        D        E       F      G
               +--------+--------+--------+--------+--------+-----+--------+
         Total |  58424 |  54556 |   3868 |  12428 |  31034 |  45 | 1298.3 |
       Dungeon |  19653 |  17654 |   1999 |   3881 |  10646 |  15 | 1310.2 |
        Temple |     24 |     16 |      8 |      0 |      9 |   1 |   24.0 |
          Lair |   7098 |   6524 |    574 |   1263 |   4078 |   5 | 1419.6 |
         Swamp |   3702 |   3477 |    225 |    827 |   1789 |   4 |  925.5 |
   Spider Nest |   7652 |   7430 |    222 |   2535 |   3652 |   4 | 1913.0 |
  Orcish Mines |   1424 |   1209 |    215 |     40 |    770 |   2 |  712.0 |
   Elven Halls |   5356 |   5085 |    271 |   1362 |   2601 |   3 | 1785.3 |
        Vaults |   6720 |   6419 |    301 |    980 |   4280 |   4 | 1680.0 |
        Depths |   4591 |   4543 |     48 |    930 |   2617 |   4 | 1147.8 |
       Ossuary |    326 |    326 |      0 |      0 |    171 |   1 |  326.0 |
      Ice Cave |    983 |    983 |      0 |    458 |     92 |   1 |  983.0 |
    Desolation |    889 |    889 |      0 |    152 |    328 |   1 |  889.0 |
               +--------+--------+--------+--------+--------+-----+--------+

Top non-repeatable levels by time:
    D:15: 3031 daAuts
   Elf:3: 2693 daAuts
    D:13: 2200 daAuts
Spider:1: 2114 daAuts
     D:9: 2103 daAuts
Depths:2: 2058 daAuts
  Lair:1: 1997 daAuts
Vaults:3: 1991 daAuts
    D:12: 1968 daAuts
Spider:3: 1953 daAuts
Spider:2: 1820 daAuts
Spider:4: 1763 daAuts
  Lair:3: 1684 daAuts
Vaults:4: 1664 daAuts
Vaults:1: 1555 daAuts
